 Dungeon Crawl Stone Soup version 0.31.0-11-ge490571c62 (webtiles) character file.

Game seed: 9743667641291511099

1771 jasper the Trooper (level 8, 0/73 HPs)
             Began as an Armataur Fighter on Feb 4, 2024.
             Killed by divine providence
             ... invoked by an orc priest
              (11 damage)
             ... on level 5 of the Dungeon.
             The game lasted 00:07:50 (5784 turns).

jasper the Trooper (Armataur Fighter)               Turns: 5784, Time: 00:07:50

Health: 0/73       AC:  7    Str: 22    XL:     8   Next: 80%
Magic:  8/8        EV: 13    Int:  9    God:
Gold:   291        SH:  7    Dex: 11    Spells: 7/7 levels left

rFire   . .          .
                       - Unarmed
rCold   . . .        b - +2 buckler
rNeg    . . .        e - +0 ring mail
rPois   .            m - +0 helmet
rElec   .            (no cloak)
rCorr   .            (no gloves)
SInv    .            (no barding)
Will    .....        (no amulet)
Stlth   +            i - +5 ring of evasion
HPRegen 0.32/turn    (no ring)
MPRegen 0.11/turn

%: roll
@: no status effects
A: large, deformed body, tough skin 3, armoured tail, roll 2
a: no special abilities


You were on level 5 of the Dungeon.
You visited 1 branch of the dungeon, and saw 6 of its levels.

You collected 291 gold pieces.

Inventory:

Hand Weapons
 h - a +2 sling
Missiles
 k - 69 stones (quivered)
Armour
 a - a +0 scale mail
 b - a +2 buckler (worn)
 e - a +0 ring mail (worn)
 m - a +0 helmet (worn)
 q - a scarf of invisibility
Jewellery
 i - a +5 ring of evasion (left hand)
 o - a ring of wizardry
Wands
 c - a wand of digging (1)
Scrolls
 n - a scroll of amnesia
 s - 3 scrolls of immolation
Potions
 d - 4 potions of degeneration
 f - 4 potions of mutation
 j - 2 potions of resistance
 l - a potion of enlightenment
 p - a potion of heal wounds {unknown}
 t - a potion of attraction {unknown}
 u - 2 potions of cancellation {unknown}


   Skills:
 + Level 7.6 Fighting
 - Level 3.6 Armour
 - Level 5.0 Shields
 + Level 7.2 Unarmed Combat


You had 7 spell levels left.
You didn't know any spells.
Your spell library contained the following spells:

 Spells                   Type           Power      Damage    Failure   Level
 Sandblast                Erth           0%         2d4       61%         1
 Sting                    Conj/Alch      0%         1d3       61%         1
 Mercury Vapours          Alch/Air       0%         N/A       75%         2
 Summon Ice Beast         Ice/Summ       0%         N/A       93%         3
 Olgreb's Toxic Radiance  Alch           0%         N/A       100%        4
 Summon Mana Viper        Hex/Summ       0%         N/A       100%        5
 Monstrous Menagerie      Summ           0%         N/A       100%        7


Dungeon Overview and Level Annotations

Branches:
Dungeon (6/15)
 Temple: D:4-7

Altars:
Dithmenos
Xom
Zin

Annotations:
D:6 Jeremiah


Innate Abilities, Weirdness & Mutations

Armour fits poorly on your strangely shaped body.
You have extremely tough skin. (AC +3)
You have a long armoured tail.
You regenerate magic and health when rolling toward enemies. (Rampage Regen)


Message History

The orc warrior hits you with a +0 war axe!
You hit the orc warrior but do no damage.
The orc warrior is severely wounded.
The orc hits you but does no damage.
The orc warrior hits you with a +0 war axe!
* * * LOW HITPOINT WARNING * * *
You feel better. The orc hits you with a +0 flail.
* * * LOW HITPOINT WARNING * * *
The orc warrior hits you with a +0 war axe!
* * * LOW HITPOINT WARNING * * *
You feel better. The orc hits you with a +0 flail.
* * * LOW HITPOINT WARNING * * *
The orc priest miscasts a cantrip.
The orc warrior closely misses you.
Okay, then.
Okay, then.
Okay, then.
Okay, then.
Unknown command.
The orc warrior hits you with a +0 war axe.
* * * LOW HITPOINT WARNING * * *
You barely miss the orc warrior.
The orc warrior is severely wounded.
The orc warrior closely misses you.
You roll towards the orc priest!
You barely miss the orc priest.
The orc priest casts a cantrip, but nothing happens.
The orc barely misses you.
The orc warrior hits you with a +0 war axe!
* * * LOW HITPOINT WARNING * * *
Unknown command.
You feel better. You block the orc priest's attack. The orc barely misses you.
The orc warrior barely misses you.
You feel better.
The orc priest invokes the aid of Beogh against you.
You struggle to resist.
The orc hits you with a +0 flail.
* * * LOW HITPOINT WARNING * * *
The orc warrior barely misses you.
The orc priest mumbles some strange prayers to Beogh against you.
Beogh smites you!
You die...

#.............#
#............## #
#............# ####
#### #...........##
##..# #...
#...........# #...##
#... ##.........##
##....## #..
#......o.## ##......#
#. #......o.##
#.......## #.
##.....#o@###........#
##
########)##.........##
# #..#..........####
#......o......##..
##.#..o..........#
#..#..........###
##.##.........#
#..##.......##
#..##.....###


You could see an orc warrior, an orc priest and an orc.

Vanquished Creatures
  2 water moccasins
  4 ogres
  2 elf skeletons (D:5)
  A bullfrog (D:6)
  4 scorpions
  A howler monkey (D:4)
  4 hounds
  A human zombie (D:5)
  3 bombardier beetles
  An orc priest (D:4)
  A jelly (D:4)
  3 iguanas
  Jessica (D:2)
  2 human skeletons (D:5)
  2 sleepcaps
  4 orc wizards
  Robin (D:2)
  7 adders
  A dart slug (D:2)
  12 orcs
  4 bats
  6 endoplasms
  2 giant cockroaches
  14 goblins
  9 hobgoblins
  3 jackals (D:4)
  A quokka (D:2)
  6 ball pythons
  5 kobolds
  An orc skeleton (D:5)
  5 rats
113 creatures vanquished.

Notes
Turn   | Place    | Note
-------+----------+-------------------------------------------
     0 | D:1      | jasper the Armataur Fighter began the quest for the Orb.
     0 | D:1      | Reached XP level 1. HP: 18/18 MP: 1/1
    26 | D:1      | Found a faded altar of an unknown god.
    40 | D:1      | Got Plato's Octavo of Lithomancy
   700 | D:1      | Reached XP level 2. HP: 25/25 MP: 2/2
  1259 | D:2      | Noticed Jessica
  1263 | D:2      | Killed Jessica
  1264 | D:2      | Reached XP level 3. HP: 31/31 MP: 3/3
  1302 | D:2      | Noticed Robin
  1329 | D:2      | Killed Robin
  1334 | D:2      | Reached XP level 4. HP: 30/38 MP: 4/4
  1691 | D:2      | You fall into a shaft and drop 2 floors!
  1789 | D:4      | Reached XP level 5. HP: 27/46 MP: 5/5
  2210 | D:3      | Found a shimmering altar of Xom.
  2331 | D:3      | Found a shadowy altar of Dithmenos.
  2542 | D:4      | Noticed an ogre
  2549 | D:4      | Killed an ogre
  2550 | D:4      | Reached skill level 5 in Shields
  2550 | D:4      | Reached XP level 6. HP: 38/52 MP: 6/6
  3852 | D:4      | Reached skill level 5 in Fighting
  4009 | D:4      | Gained mutation: You regenerate magic and health when
                  | rolling toward enemies. (Rampage Regen) [Armataur growth]
  4009 | D:4      | Reached XP level 7. HP: 59/61 MP: 7/7
  4090 | D:5      | Entered Level 5 of the Dungeon
  4391 | D:5      | Reached skill level 5 in Unarmed Combat
  4524 | D:6      | Found a glowing silver altar of Zin.
  4811 | D:6      | Identified the staff of Scorn {^Fragile rPois rF+ Will+
                  | Fire Alchemy}
  4841 | D:6      | Reached XP level 8. HP: 70/70 MP: 8/8
  4919 | D:6      | Noticed Jeremiah
  5781 | D:5      | HP: 1/73 [orc warrior/+0 war axe (12)]
  5784 | D:5      | Killed from afar by an orc priest

Illustrated notes

Levels and vault maps discovered:
D:1:      nzn_arrival_crosshair, layout_basic,
          shapermc_ecumenical_altar_rom_forum, serial_park_tiny_1
D:2:      layout_basic, uniq_jessica, uniq_robin
D:3:      layout_rooms, mainiacjoe_overflow_tiny_flanked, grunt_dithmenos_smoke,
          hangedman_decor_clover_reticule
D:4:      layout_layer_cave, st_stairs_3, grunt_ministairs_14
D:5:      layout_cave_pods, nicolae_ossuary_entry_catacombs,
          serial_library_hellmonk_big_corner
D:6:      layout_loops_cross, lemuel_round_altar, nicolae_water_bricks,
          uniq_jeremiah

Skill      XL: |  1  2  3  4  5  6  7  8 |
---------------+-------------------------+-----
Unarmed Combat | 2 3 4 5 7 |  7.2
Fighting       | 3 4 5 6 7 |  7.6
Shields        | 4 5 |  5.0
Armour         | |  3.6

Action                     |  1- 3 |  4- 6 |  7- 9 || total
---------------------------+-------+-------+-------++-------
  Melee: Unarmed           |    70 |   216 |   235 ||   521
         Tailslap          |     9 |    37 |    38 ||    84
   Fire: Sling             |       |       |     2 ||     2
    Use: Scroll            |     3 |    10 |     4 ||    17
         Potion            |       |     1 |     5 ||     6
 Armour: Ring mail         |    18 |    71 |    92 ||   181
  Dodge: Dodged            |    20 |    88 |    90 ||   198
  Block: Buckler           |    18 |    44 |    46 ||   108
